cohdb
Replays
Latest Replays
All Replays
Popular Replays
Top Player Replays
Match Explorer
How It Works
Community
CoH3 Stats
Reddit
Sign in to upload your games and track your stats! →
Sign in with Steam
Match 39644056
Unlisted
Match 39644056
Overview
Messages
Build Orders
End
Panzergrenadier Squad
Selects Panzerjäger Kommand Battlegroup
Selects Mine Fields
Panzergrenadier Squad
Panzergrenadier Squad
Construct Light Support Kompanie
250 Light Carrier
Construct Mechanized Kompanie
Panzerjäger Mechanized Group
Selects GrB 39 Grenade Launcher Requisition
Selects Crew Shock Tactics
Support Armor Elements
Pak 38 Anti-tank Gun Team
Construct Panzerarmee Kommand
2.5-tonne Medical Truck
le.IG 18 Mechanized Group
Combat Half-tracks
Armored Reserves
Veteran Squad Leaders
Tiger Heavy Tank
Selects Early Warning
Selects Butterfly Bomb Drop
Early Warning
Butterfly Bomb Drop
Butterfly Bomb Drop
Emergency Repair Kits
Vehicle Survival Package
Panzer IV Assault Group
Butterfly Bomb Drop
Crew Shock Tactics
Saueee
RustyNails
Leo invictum
Hydra7-1
0
0
Comments
sign in to comment!
No comments posted yet!